 Dungeon Crawl Stone Soup version 0.16-a0-764-g7febf84 (webtiles) character file.

126 MackTheKnife the Cudgeler (level 5, -4/50 HPs)
             Began as an Ogre Gladiator on Sept 24, 2014.
             Killed from afar by an orc wizard (8 damage)
             ... with a puff of frost
             ... on Level 4 of the Dungeon.
             The game lasted 00:05:13 (2654 turns).

MackTheKnife the Cudgeler (Ogre Gladiator)          Turns: 2654, Time: 00:05:13

HP  -4/50        AC  4     Str 20      XL: 5   Next: 10%
MP   5/5         EV 16     Int  7      God:
Gold 237         SH  0     Dex 16      Spells:  0 memorised,  4 levels left

rFire  . . .     SeeInvis .     a - +0 flail
rCold  . . .     Clarity  .     b - +0 animal skin
rNeg   . . .     rCorr    .     (shield restricted)
rPois  .         rRot     .     c - +1 hat
rElec  .         Spirit   .     (no cloak)
SustAb .         Warding  .     (gloves unavailable)
rMut   .         Stasis   .     (boots unavailable)
Gourm  .                        (no amulet)
MR     +....                    (no ring)
                                s - ring of protection from magic

@: agile, somewhat resistant to hostile enchantments, unstealthy
A: unfitting armour, tough skin 1
a: no special abilities


You were on level 4 of the Dungeon.
You were near starving.

You visited 1 branch of the dungeon, and saw 4 of its levels.

You collected 237 gold pieces.


Innate Abilities, Weirdness & Mutations

You are too large for most types of armour.
You have tough skin (AC +1).


   Skills:
 - Level 2.6 Fighting
 + Level 7.4 Maces & Flails
 - Level 2.1 Throwing
 - Level 2.6 Dodging


You had 4 spell levels left.
You didn't know any spells.

Inventory:

Hand weapons
 a - a +0 flail (weapon)
Missiles
 d - 3 throwing nets (quivered)
Armour
 b - a +0 animal skin (worn)
 c - a +1 hat (worn)
 m - a +0 large shield
Comestibles
 f - 4 meat rations
 g - 8 fruits
 l - 2 slices of pizza
 w - a bread ration
Scrolls
 o - a scroll of fear {unknown}
 p - a scroll of identify
 r - a scroll of blinking {unknown}
 u - 2 scrolls of remove curse {unknown}
Jewellery
 s - a ring of protection from magic (left hand)
Potions
 e - a potion of magic {unknown}
 j - a potion of mutation {unknown}
 k - a potion of haste {unknown}
 t - a potion of flight
 v - a potion of brilliance {unknown}
 z - a potion of agility
Books
 y - a book of Cantrips

   Spells                             Type                      Level
   Corona                             Hexes                        1
   Animate Skeleton                   Necromancy                   1
   Summon Small Mammal                Summoning                    1
   Apportation                        Translocation                1

▒▒ ▒······▒▒▒
▒▒▒▒▒▒▒▒▒▒'▒········
···········+·······
···········▒······· ·
▒+▒▒▒'▒▒▒+▒▒······· ·····
·%···············▒▒+▒▒·····
··[··············▒···▒·····
················oo>··'·····g
················O▒o▒▒▒····▒▒▒+▒▒
·····▒▒▒▒▒▒▒▒▒▒▒▒▒K▒······▒····▒
·····▒ ▒··o▒······▒···▒▒▒ ·····▒
▒···o······'···▒▒· ·····▒
▒··o▒······▒···▒▒· ·····▒
▒··o▒······▒▒'▒▒▒·
▒···▒······'···'··
▒▒▒'▒······▒···▒▒·
·····▒▒▒'▒▒···▒▒'


You could see an orc wizard and an orc.


Message History

You hit the orc wizard.
The orc wizard is moderately wounded.
The orc wizard gestures at you while chanting.
The puff of flame hits you!
* * * LOW HITPOINT WARNING * * *
The orc hits you with a flail.
* * * LOW HITPOINT WARNING * * *
You hit the orc wizard.
The orc wizard is moderately wounded.
The orc wizard hits you but does no damage.
The orc misses you.
You closely miss the orc wizard.
The orc wizard is moderately wounded.
The orc wizard hits you with a dagger.
* * * LOW HITPOINT WARNING * * *
The orc hits you with a flail!
* * * LOW HITPOINT WARNING * * *
You hit the orc wizard but do no damage.
The orc wizard is moderately wounded.
The orc wizard casts a spell.
The orc wizard seems to speed up.
Unknown command.
Read which item? (? for menu, Esc to quit)
Okay, then.
Drink which item? (? for menu, Esc to quit)
You feel agile all of a sudden. The orc wizard closely misses you.
The orc barely misses you.
The orc wizard points at you and mumbles some strange words.
The puff of frost hits you!
You die...

Action                   |  1- 3 |  4- 6 || total
-------------------------+-------+-------++-------
Melee: Flail             |   111 |    79 ||   190
  Use: Scroll            |     1 |     4 ||     5
       Potion            |       |     5 ||     5
  Eat: Chunk             |     2 |     2 ||     4

Vault maps used:
D:1:      eino_arrival_cavern_a
D:2:      first_bread, uniq_sigmund
D:3:      minmay_stone_trees_small, trog_three_pillars_becter
D:4:      gammafunk_temple_overflow_wave

Notes
Turn   | Place    | Note
--------------------------------------------------------------
     0 | D:1      | MackTheKnife, the Ogre Gladiator, began the quest for the Orb.
     0 | D:1      | Reached XP level 1. HP: 22/22 MP: 1/1
   110 | D:1      | Reached XP level 2. HP: 26/29 MP: 2/2
   335 | D:1      | Reached skill level 5 in Maces & Flails
   600 | D:1      | Reached XP level 3. HP: 28/36 MP: 3/3
   714 | D:2      | Noticed Sigmund
  1278 | D:3      | Reached skill level 6 in Maces & Flails
  1418 | D:3      | Found a bloodstained altar of Trog.
  1459 | D:3      | Reached XP level 4. HP: 33/44 MP: 4/4
  1964 | D:4      | Noticed MackTheKnife's ghost (average HaAr)
  2186 | D:4      | HP: 1/44 [MackTheKnife's ghost (6)]
  2193 | D:4      | HP: 3/44 [MackTheKnife's ghost (3)]
  2208 | D:4      | HP: 4/44 [bat (1)]
  2636 | D:4      | Reached skill level 7 in Maces & Flails
  2643 | D:4      | Reached XP level 5. HP: 38/50 MP: 5/5
  2652 | D:4      | HP: 3/50 [orc/flail (7)]
  2654 | D:4      | Killed from afar by an orc wizard

Vanquished Creatures
  An orc wizard (D:4)
  A worker ant (D:4)
  2 adders (D:3)
  An ooze (D:1)
  3 orcs
  A ball python (D:3)
  10 goblins
  4 hobgoblins
  8 jackals
  2 quokkas (D:4)
  4 bats
  A giant cockroach (D:3)
  2 giant geckos (D:1)
  3 giant newts
  7 kobolds
  3 rats (D:2)
53 creatures vanquished.
